 Dungeon Crawl Stone Soup version 0.32-a0-799-g95e1662365 (webtiles) character file.

Game seed: 17361830964744234336

19 ezpacito the Chopper (level 2, -2/24 HPs)
             Began as a Coglin Chaos Knight on Mar 21, 2024.
             Was a Plaything of Xom.
             Slain by Sigmund
             ... wielding a +0 scythe
              (5 damage)
             ... on level 2 of the Dungeon.
             The game lasted 00:00:34 (475 turns).

ezpacito the Chopper (Coglin Chaos Knight)           Turns: 475, Time: 00:00:35

Health: -2/24      AC:  5    Str: 12    XL:     2   Next: 75%
Magic:  2/2        EV: 10    Int: 11    God:    Xom [.....*]
Gold:   72         SH:  0    Dex: 13    Spells: 1/1 levels left

rFire   . . .        a - +0 hand axe (chaos) {Vidar}
rCold   . . .        d - +0 dagger {Jakob}
rNeg    . . .        b - +2 leather armour
rPois   .            (no helmet)
rElec   .            (no cloak)
rCorr   .            (no gloves)
SInv    .            (no boots)
Will    +....        (amulet unavailable)
Stlth   +            (ring unavailable)
HPRegen 0.24/turn    (ring unavailable)
MPRegen 0.08/turn    (no gizmo)

%: no passive effects
@: revving
A: off-hand wielding, slow wielding, warmup strikes, no jewellery, strong-willed
1
a: Invent Gizmo, Renounce Religion


You were on level 2 of the Dungeon.
You worshipped Xom.
You were Xom's teddy bear.
You visited 1 branch of the dungeon, and saw 2 of its levels.

You collected 72 gold pieces.

Inventory:

Hand Weapons
 a - a +0 hand axe of chaos (weapon) {Vidar}
 d - a +0 dagger (offhand) {Jakob}
Missiles
 h - 3 atropa-tipped darts (quivered)
Armour
 b - a +2 leather armour (worn)
Scrolls
 c - a scroll of butterflies
 e - 2 scrolls of identify {unknown}
 g - a scroll of enchant armour {unknown}


   Skills:
 * Level 3.1 Fighting
 * Level 3.2(3.3) Axes
 + Level 0.4(1.9) Polearms
 * Level 1.9 Armour
 * Level 1.1 Dodging
 + Level 0.2 Stealth
 + Level 0.2 Spellcasting


You had one spell level left.
You didn't know any spells.
Your spell library contained the following spells:

 Spells                   Type           Power      Damage    Failure   Level
 Sandblast                Erth           0%         2d4       41%         1
 Stone Arrow              Conj/Erth      0%         3d7       80%         3
 Brom's Barrelling Bould  Conj/Erth      0%         2d3       99%         4


Dungeon Overview and Level Annotations

Branches:
Dungeon (2/15)

Altars:

Annotations:
D:2 Sigmund


Innate Abilities, Weirdness & Mutations

You can wield a second weapon in your off-hand.
It takes a long time for you to wield or remove held weapons.
Your first few attacks do less damage.
You cannot equip rings or amulets.
You are strong-willed. (Will+)


Message History

You're too confused to move!
The giant cockroach bites you but does no damage.
The rat bites you but does no damage.
The frilled lizard bites you but does no damage.
You closely miss the frilled lizard with your +0 dagger.
You closely miss the frilled lizard with your +0 hand axe of chaos.
You closely miss the giant cockroach with your +0 hand axe of chaos.
You miss the rat with your +0 hand axe of chaos.
The giant cockroach bites you but does no damage.
Sigmund barely misses you. The rat misses you.
The frilled lizard bites you but does no damage.
You're too confused to move!
The giant cockroach barely misses you. The rat bites you but does no damage.
The frilled lizard bites you but does no damage.
Sigmund gestures at you while chanting. The puff of flame hits you!
* * * LOW HITPOINT WARNING * * *
The giant cockroach bites you but does no damage.
You take 10 damage, and have 4/24 hp.
MASSIVE DAMAGE!!
You are too confused!
You aren't carrying any potions.
Unknown command.
You bump into the rock wall.
You feel less confused. The rat bites you.
* * * LOW HITPOINT WARNING * * *
The giant cockroach misses you.
Sigmund mumbles some strange words.
Sigmund flickers and vanishes!
Deactivating autopickup; reactivate with Ctrl-A.
The frilled lizard bites you but does no damage.
You take 1 damage, and have 3/24 hp.
The rat closely misses you.
You hit the frilled lizard with your +0 dagger.
You kill the frilled lizard!
You closely miss the rat with your +0 hand axe of chaos.
You hit the giant cockroach with your +0 hand axe of chaos.
You kill the giant cockroach!
The rat closely misses you. Something hits you.
You die...

....# .....####
........#
....#.#.##
....#....###...#
.......<........
........###.....
....!..r.†.# .
######.@†{.#
##....#
##.......
##....## ...##
..... #...#.
.#.#


You could see a rat.

Vanquished Creatures
  2 endoplasms (D:1)
  2 giant cockroaches
  2 goblins (D:1)
  2 kobolds (D:1)
  A quokka (D:1)
  2 ball pythons (D:1)
  2 bats
  5 frilled lizards
  3 rats
21 creatures vanquished.

Notes
Turn   | Place    | Note
-------+----------+-------------------------------------------
     0 | D:1      | ezpacito the Coglin Chaos Knight began the quest for the
                  | Orb.
     0 | D:1      | Reached XP level 1. HP: 18/18 MP: 1/1
    32 | D:1      | XOM: silly message
    56 | D:1      | Reached skill level 1 in Dodging
   115 | D:1      | Reached XP level 2. HP: 19/24 MP: 2/2
   152 | D:1      | XOM: divination: detect items
   263 | D:1      | XOM: divination: detect items
   352 | D:1      | XOM: cast spell 'Cause Fear'
   405 | D:1      | XOM: noise
   463 | D:2      | Noticed Sigmund
   468 | D:2      | Gained mutation: You are strong-willed. (Will+) [potion of
                  | mutation]
   475 | D:2      | Slain by Sigmund

Illustrated notes

Levels and vault maps discovered:
D:1:      ncdulo_smallfort, layout_rooms, st_stairs_6
D:2:      layout_rooms, uniq_sigmund, uniq_natasha

Skill      XL: |  1 |
---------------+----+-----
Dodging        | 1 |  1.1
Fighting       | |  3.1
Axes           | |  3.2
Polearms       | |  0.4
Armour         | |  1.9
Stealth        | |  0.2
Spellcasting   | |  0.2

Action                     || total
---------------------------++-------
  Melee: Dagger            ||    35
         Hand axe          ||    35
    Use: Potion            ||     1
 Armour: Leather armour    ||    37
  Dodge: Dodged            ||    31

Table legend: (Time is in decaauts)
 A = Elapsed time spent in this place.
 B = Non-inter-level travel time spent in this place.
 C = Inter-level travel time spent in this place.
 D = Time resting spent in this place.
 E = Time spent auto-exploring this place.
 F = Levels seen in this place.
 G = Mean time per level.
                   A        B        C        D        E       F      G
               +--------+--------+--------+--------+--------+-----+--------+
         Total |    477 |    441 |     36 |      0 |    330 |   2 |  238.5 |
       Dungeon |    477 |    441 |     36 |      0 |    330 |   2 |  238.5 |
               +--------+--------+--------+--------+--------+-----+--------+

Top non-repeatable levels by time:
     D:1: 465 daAuts
     D:2: 11 daAuts
